Map: 나이트쉐이드 - 래더

Players

Ziggy

  • Race: Terran Terran
  • Spawn Location: 11:00

sOs - Winner!

  • Race: Protoss Protoss
  • Spawn Location: 5:00

Event: IEM Katowice 2020

VOD

Have the link to the VOD?

Description

Time

  • Played on: Feb. 24, 2020, 4:28 a.m.
  • Length: 4:42

All games in this series

Show
View Real Time Build Order
Export as new Build Order

Ziggy Terran 

Build Orders: Liberator Opening 

Get SALT Encoding   

  12  0:00  SCV  
  13  0:12  SCV  
  14  0:17  Supply Depot  
  14  0:25  SCV  
  15  0:29  Refinery  
  15  0:43  Barracks  
  15  0:48  SCV  
  16  0:54  Refinery  
  16  1:00  SCV  
  17  1:12  SCV  
  18  1:24  SCV  
  19  1:30  Marine  
  19  1:32  Factory  
  20  1:41  Orbital Command  
  20  1:49  Barracks Reactor  
  20  1:55  Supply Depot  
  20  2:06  Supply Depot  
  20  2:15  Factory Tech Lab  
  20  2:26  Marine  
  20  2:27  Marine  
  22  2:34  Siege Tank  
  25  2:40  Starport  
  25  2:45  Marine  
  25  2:46  Marine  
  27  3:03  Marine x2  
  29  3:06  Siege Tank  
  32  3:17  Medivac, Supply Depot  
  34  3:20  Marine  
  34  3:23  Marine  
  36  3:38  Siege Tank  
  39  3:44  Marine x2  
  36  3:58  Liberator  
  36  4:02  Marine  
  40  4:09  Marine  
  42  4:19  Marine  
Show
View Real Time Build Order
Export as new Build Order

sOs Protoss - Winner!

Build Orders:  

Get SALT Encoding   

  12  0:00  Probe  
  13  0:12  Probe  
  14  0:17  Pylon  
  14  0:25  Probe (Chrono Boost)  
  15  0:37  Probe (Chrono Boost)  
  15  0:38  Gateway  
  16  0:44  Probe (Chrono Boost)  
  16  0:46  Assimilator  
  17  0:51  Probe  
  18  1:03  Probe  
  19  1:15  Probe  
  20  1:25  Cybernetics Core, Zealot  
  20  1:27  Probe  
  23  1:32  Pylon  
  23  1:48  Nexus  
  23  1:58  Warp Gate (Chrono Boost)  
  23  1:59  Stalker (Chrono Boost)  
  23  2:05  Probe  
  26  2:09  Shield Battery  
  26  2:18  Assimilator  
  26  2:22  Stalker  
  27  2:36  Gateway  
  27  2:39  Gateway  
  27  2:52  Stalker  
  29  3:00  Probe  
  29  3:01  Shield Battery  
  29  3:03  Probe  
  31  3:26  Robotics Facility  
  31  3:32  Stalker x2  
  35  3:38  Stalker  
  29  3:56  Stalker x2  
  31  4:05  Zealot  
  33  4:13  Stalker  
  35  4:19  Zealot  
  37  4:28  Stalker  
  35  4:33  Zealot  

Tags
 
Add a new tag
Caveats
  • Supply blocks, unpowered buildings, or Contaminate may cause inaccurate times.
  • Supply counts are checked every 10 seconds.